[Event "Svetozar Gligoric Masters 2022"]
[Site "Belgrade"]
[Date "2022.07.20"]
[Round "5.3"]
[White "Maksimovic, Bojan"]
[Black "Radovanovic, Nikola"]
[Result "1/2-1/2"]
[ECO "E08"]
[WhiteElo "2465"]
[BlackElo "2422"]
[Annotator "TA"]
[PlyCount "121"]
[EventDate "2022.07.18"]
[EventCountry "SRB"]
[SourceTitle "playchess.com"]
[Source "ChessBase"]
[SourceQuality "1"]
[TimeControl "40/5400+30:900+30"]

1. d4 Nf6 2. c4 e6 3. Nf3 d5 4. g3 Bb4+ 5. Bd2 Be7 6. Bg2 O-O 7. O-O Nbd7 8. Qc2 Ne4 9. Bf4 c6 10. Nc3 g5 $1 {The main line 10...g5 scores better than 10...f5. E08: Closed Catalan: Main Line: 7 Qc2.} 11. Be3 Nd6 12. b3 Nf5 13. cxd5 Nxe3 14. fxe3 {[#] Black must now prevent dxe6.} exd5 {[#]} 15. e4 $146 ({Predecessor:} 15. Bh3 Bb4 16. Nd1 Nb6 17. Bf5 Bxf5 18. Qxf5 f6 19. Nf2 Qd7 20. Qd3 Rae8 21. a3 {0-1 (43) Bosiocic,M (2607)-Bindrich,F (2584) Austria 2017}) 15... dxe4 16. Qxe4 f5 17. Qd3 Bf6 18. Rad1 Nb6 19. e4 Bg7 20. Ne5 c5 (20... f4 {with more complications.} 21. gxf4 gxf4 22. Ne2 Qg5) 21. dxc5 ({Don't blunder} 21. exf5 $2 Qxd4+ 22. Qxd4 cxd4 $19) 21... Qxd3 22. Rxd3 Bxe5 23. cxb6 axb6 24. exf5 Bxf5 25. Rd5 (25. Bd5+ {is interesting.} Kg7 26. Rdf3 Bd4+ 27. Kh1) 25... Bxc3 26. Rdxf5 Bd4+ 27. Kh1 Rxf5 28. Rxf5 $14 {[%mdl 4096] Endgame KRB-KRB} h6 29. Bd5+ Kh8 30. a4 Rc8 31. Kg2 Rc2+ 32. Kh3 Bg1 33. Kg4 (33. Bxb7 h5 34. g4 h4 $15) 33... Rxh2 34. Rf7 ({Much worse is} 34. Bxb7 Kg7 $11) 34... Rf2 35. Rxb7 {White is more active.} Rf6 36. Kh5 Bf2 37. g4 Bc5 38. Bc4 Bb4 39. Ra7 Bf8 40. a5 ({Better is} 40. Rc7 $16) 40... bxa5 41. Rxa5 Rb6 42. Ra7 Bc5 43. Rc7 Ba3 44. Bd5 Bd6 45. Rc8+ Kh7 46. Rd8 Ba3 47. Rd7+ Kh8 48. Bf7 Bf8 49. Ra7 Kg7 50. Bg6+ Kh8 51. Bc2 Bc5 52. Rc7 Ba3 53. Be4 Kg8 54. Bd5+ Kh8 55. Rc8+ Kg7 56. Rg8+ Kh7 57. Ra8 Bc5 58. Rc8 Ba3 59. Bc6 Bd6 {Against Rc7+} 60. b4 Kg7 61. b5 {Weighted Error Value: White=0.04 (flawless) /Black=0.05 (flawless)} 1/2-1/2

[Event "Svetozar Gligoric Masters 2022"]
[Site "Belgrade"]
[Date "2022.07.20"]
[Round "5.4"]
[White "Neelash Saha"]
[Black "Kushagra Mohan"]
[Result "1-0"]
[ECO "B12"]
[WhiteElo "2446"]
[BlackElo "2359"]
[Annotator "TA"]
[PlyCount "97"]
[EventDate "2022.07.18"]
[EventCountry "SRB"]
[SourceTitle "playchess.com"]
[Source "ChessBase"]
[SourceQuality "1"]
[TimeControl "40/5400+30:900+30"]

1. e4 c6 2. d4 d5 3. e5 Bf5 4. h4 h5 5. Bd3 Bxd3 6. Qxd3 {[%cal Oe5e6] B12: Caro-Kann: Advance Variation.} Qa5+ 7. Nd2 e6 8. Ngf3 {The position is equal.} Qa6 9. c4 Ne7 10. O-O Nf5 11. b3 Be7 12. a4 Nd7 {12...0-0 is more advanced technology.} 13. Ba3 Bxa3 14. Rxa3 O-O 15. Rb1 {[#]} Qb6 $146 ({Predecessor:} 15... Rfd8 16. b4 dxc4 17. Nxc4 Nb6 18. b5 cxb5 19. axb5 Qxa3 20. Nxa3 Nd5 21. Rc1 a6 {1-0 (43) Vokhidov,S (2536)-Pantzar,M (2422) Chess.com INT 2022}) 16. a5 Qb4 17. Ra2 Qe7 18. g3 Rfd8 19. b4 Rac8 20. Nf1 (20. c5 $16) 20... dxc4 $11 21. Qxc4 a6 22. Ne3 Nf8 23. Rd2 Rc7 {White leaves nothing to chance now.} 24. Rbd1 Rcd7 {[#]} 25. Ng5 $1 Qe8 26. Ne4 Ng6 (26... Nxe3 $142 27. fxe3 f6) 27. Nc2 $16 {0x0.001f237cd0c0dp-1022s more active pieces.} Rd5 (27... Nge7 $16) 28. Qe2 $18 R8d7 29. Nc3 (29. Qxh5 $6 Qd8) 29... Qd8 30. Nxd5 Rxd5 31. Rd3 (31. Qxh5 $6 Nxe5 32. Qe2 Ng6 $16) 31... Rd7 32. f4 (32. Qxh5 $6 Nxe5 33. Rc3 (33. dxe5 Rxd3 34. Rf1 Qd5 $19) 33... Ng6 $16) 32... Nge7 33. Qxh5 Nd5 34. Qf3 Qe7 35. Rb1 g6 36. Qg4 Rd8 37. Qg5 Qd7 (37... Kh7 {was called for.} 38. g4 Nh6) 38. g4 Nfe7 39. h5 Kg7 40. hxg6 {Hoping for Rh3.} fxg6 41. Rh3 {And now Qh6+ would win.} Rf8 42. Rf1 Kf7 43. Rh7+ Ke8 44. Qh6 {Strongly threatening Rf2.} Nxb4 (44... Rg8 $142 45. Rh8 Rxh8 46. Qxh8+ Kf7) 45. Rh8 Rxh8 46. Qxh8+ Kf7 {[#]} 47. f5 $1 gxf5 {[#]} 48. gxf5 $1 exf5 (48... Nxf5 49. Qh7+) 49. Qf6+ {Weighted Error Value: White=0.13 (very precise) /Black=0.43} ({Not} 49. e6+ Qxe6 50. Qh5+ (50. Nxb4 Qe3+ 51. Kg2 Qd2+ 52. Kg1 Qe3+ 53. Kg2 Qd2+ 54. Rf2 Qxb4 $11) (50. Qh7+ Ke8 $14) 50... Kf8 51. Qh8+ (51. Nxb4 Qe3+ 52. Kh1 Qe4+ 53. Kh2 c5 $16) 51... Kf7 52. Qh5+ (52. Nxb4 Qe3+ 53. Rf2 Qe1+ 54. Rf1 Qe3+ 55. Rf2 Qe1+ 56. Rf1 Qe3+ $11) (52. Qh7+ Ke8 $14) 52... Kf8 53. Nxb4 Qe3+ 54. Kh1 Qe4+ 55. Kh2 c5 $16) 1-0

[Event "Svetozar Gligoric Masters 2022"]
[Site "Belgrade"]
[Date "2022.07.20"]
[Round "5.5"]
[White "Harikrishnan.A.Ra"]
[Black "Srihari L R"]
[Result "1-0"]
[ECO "A88"]
[WhiteElo "2396"]
[BlackElo "2431"]
[Annotator "TA"]
[PlyCount "97"]
[EventDate "2022.07.18"]
[EventCountry "SRB"]
[SourceTitle "playchess.com"]
[Source "ChessBase"]
[SourceQuality "1"]
[TimeControl "40/5400+30:900+30"]

1. d4 f5 2. Nf3 Nf6 3. g3 g6 4. Bg2 Bg7 5. O-O O-O 6. c4 d6 7. Nc3 c6 8. d5 e5 9. dxe6 Bxe6 10. b3 Na6 11. Ng5 Qe7 12. Nxe6 {12.Ba3 is not played anymore. A88: Dutch Defence: Leningrad System: 5 Nf3 0-0 6 0-0 d6 7 Nc3 c6.} Qxe6 13. Bb2 Rad8 14. Qd2 {White has an edge.} Rfe8 15. Rad1 Nc5 16. e3 {[#]} Nfe4 $146 {Pair of Knights!} ({Predecessor:} 16... Rd7 17. Rfe1 Bh6 18. Qc2 Nfe4 19. Ne2 Nf6 20. Bd4 a6 21. Nc3 Qe7 22. b4 Ne6 {1-0 (43) Kozak,A (2333)-Semiev,S (2313) Budapest 2015}) 17. Qc2 (17. Nxe4 {with more complications.} Nxe4 18. Bxe4 Qxe4 19. Bxg7 Kxg7 20. Qa5) 17... Nxc3 18. Bxc3 Bxc3 19. Qxc3 Qe5 20. Qa5 Na6 (20... a6 $11) 21. Qa3 Qc5 $1 22. Qc1 Nb8 23. Rd4 Nd7 24. Rfd1 Ne5 25. Qd2 {Strongly threatening b4.} Nf7 26. b4 Qe5 27. e4 fxe4 28. Rxe4 Qf6 {White stays focused until the end.} 29. Rf4 Qe5 30. h4 Re7 (30... a6 $142) 31. Re4 $16 Qf6 32. Rxe7 Qxe7 33. b5 Qd7 34. Qd4 a6 35. bxc6 {0x0.00144940c7b2dp-1022s more active pieces.} bxc6 36. Qb6 Ne5 37. Qxa6 Qg4 38. Rf1 Qxc4 39. Qxc4+ Nxc4 40. Bxc6 {[%mdl 4096] [#] Endgame And now Bd5+ would win. KRB-KRN} d5 41. Rd1 d4 42. Bb5 Na3 43. Bd3 Rb8 (43... Rc8 {was called for.} 44. f4 Kf7) 44. Rc1 $18 Rb2 45. Rc8+ Kg7 46. Rc7+ Kh6 $2 (46... Kh8 47. h5 gxh5 48. Rxh7+ Kg8 49. Rxh5 Rd2) 47. g4 {[#] Threatening mate with f3.} Rxa2 48. f3 Ra1+ 49. Kg2 {Weighted Error Value: White=0.05 (flawless) /Black=0.28 (precise)} 1-0

[Event "Svetozar Gligoric Masters 2022"]
[Site "Belgrade"]
[Date "2022.07.20"]
[Round "5.6"]
[White "Tisaj, Domen"]
[Black "Petrov, Nikita"]
[Result "0-1"]
[ECO "A62"]
[WhiteElo "2355"]
[BlackElo "2558"]
[Annotator "TA"]
[PlyCount "88"]
[EventDate "2022.07.18"]
[EventCountry "SRB"]
[SourceTitle "playchess.com"]
[Source "ChessBase"]
[SourceQuality "1"]
[TimeControl "40/5400+30:900+30"]

1. d4 Nf6 2. c4 e6 3. g3 c5 4. d5 exd5 5. cxd5 d6 6. Nc3 g6 7. Bg2 Bg7 8. Nf3 O-O 9. O-O Re8 10. Bf4 Na6 {10...Bf5 gains popularity.} 11. Re1 {A62: Modern Benoni: Fianchetto Variation without early ...Nbd7.} Bg4 12. Nd2 Nh5 13. Be3 {The position is equal.} Rxe3 14. fxe3 Qe7 15. Nf1 (15. Bf3 $14 Bd7 16. e4) 15... Bd7 $15 {[%mdl 1024] [#] Black has compensation.} 16. Ne4 $146 ({Predecessor:} 16. Qd3 Nf6 17. h3 Re8 18. a3 Rc8 19. Qc4 Nc7 20. a4 a6 21. a5 Bb5 22. Qf4 {0-1 (41) Korchmar,V (2409)-Gordievsky,D (2511) Khanty-Mansiysk 2015}) 16... b5 17. Qd2 Rb8 18. Rac1 Bf5 (18... f5 $5 19. Nf2 Nf6 $11) 19. Nf2 {[#] And now g4 would win.} Nf6 {Against g4} 20. Red1 h5 21. Qa5 Rb6 22. Qd2 Bh6 23. b3 {Black continues to play with concentration.} b4 {Black is more active.} 24. Rc4 Nc7 25. Qb2 Bg7 {[%cal Of6d5] Hoping for ...Nfxd5!} 26. Qc1 Nb5 {Against a3} 27. e4 Bd7 28. Rd2 (28. Ne3 $17) 28... Na3 $19 29. e5 (29. Rcc2 {might work better.}) 29... Qxe5 ({Resist} 29... Nxc4 30. exf6 Qxf6 31. bxc4 $16) 30. Nd3 Qe7 31. Rf4 Bh6 32. e4 Nb5 ({Don't blunder} 32... Bxf4 $2 33. gxf4 Nxe4 34. Re2 $19) 33. Qe1 Nc3 34. Rdf2 (34. e5 $142 Nfxd5 35. Rff2) 34... Bxf4 35. gxf4 Bb5 36. Nb2 Nfxe4 37. Ng3 f5 38. Rf3 $2 {[#]} (38. Bxe4 fxe4 39. Rg2) 38... Qf6 {Black is clearly winning.} 39. Nc4 Bxc4 40. bxc4 Qd4+ 41. Kh1 Qd1 42. Qxd1 Nxd1 43. Nxe4 fxe4 44. Rg3 Kf7 {Weighted Error Value: White=0.50/Black=0.05 (flawless)} 0-1

[Event "Svetozar Gligoric Masters 2022"]
[Site "Belgrade"]
[Date "2022.07.20"]
[Round "5.7"]
[White "Makarian, Rudik"]
[Black "Yordanov, Lachezar"]
[Result "1/2-1/2"]
[ECO "D03"]
[WhiteElo "2533"]
[BlackElo "2316"]
[Annotator "TA"]
[PlyCount "35"]
[EventDate "2022.07.18"]
[EventCountry "SRB"]
[SourceTitle "playchess.com"]
[Source "ChessBase"]
[SourceQuality "1"]
[TimeControl "40/5400+30:900+30"]

1. d4 Nf6 2. Bg5 e6 3. Nf3 d5 4. e3 Be7 5. Bd3 O-O 6. O-O {D03: 1 d4 d5 2 Nf3 Nf6 3 Bg5, including Torre Attack with early ...d5.} h6 7. Bh4 c5 8. dxc5 {The position is equal.} Nc6 9. Nbd2 Bxc5 {[#]} (9... Nd7 $5 10. Bxe7 Qxe7 $11) 10. Qe2 $146 ({Predecessor:} 10. c4 Be7 11. a3 e5 12. Bxf6 Bxf6 13. cxd5 Qxd5 14. Bc4 Qd8 15. Qc2 Qb6 16. Ne4 {1-0 (30) Belouadah,S (2417)-Assem,A (1588) Oran 2018}) 10... Nb4 11. e4 {[#] e5 is the strong threat.} dxe4 12. Bxe4 Be7 13. Rfd1 Nxe4 14. Nxe4 Nd5 15. Bxe7 Qxe7 16. Qd2 (16. Rd2 $14) 16... b5 $11 17. Nd4 a6 18. a4 {Weighted Error Value: White=0.16 (very precise) /Black=0.07 (flawless)} 1/2-1/2

[Event "Svetozar Gligoric Masters 2022"]
[Site "Belgrade"]
[Date "2022.07.20"]
[Round "5.9"]
[White "Namitbir Singh Walia"]
[Black "Sedlak, Nikola"]
[Result "1/2-1/2"]
[ECO "C72"]
[WhiteElo "2293"]
[BlackElo "2480"]
[Annotator "TA"]
[PlyCount "77"]
[EventDate "2022.07.18"]
[EventCountry "SRB"]
[SourceTitle "playchess.com"]
[Source "ChessBase"]
[SourceQuality "1"]
[TimeControl "40/5400+30:900+30"]

1. e4 e5 2. Nf3 Nc6 3. Bb5 a6 4. Ba4 d6 5. O-O Bd7 6. c4 Be7 7. Nc3 Nf6 8. d4 Nxd4 9. Nxd4 exd4 10. Qxd4 Bxa4 {C72: Ruy Lopez: Deferred Steinitz: 5 0-0.} 11. Nxa4 O-O 12. Nc3 Re8 13. b3 Nd7 14. Nd5 {[#]} Bf8 $146 ({Predecessor:} 14... Bf6 15. Nxf6+ Qxf6 16. Qxf6 Nxf6 17. f3 Re6 18. Bb2 Nd7 19. Rad1 Rae8 20. Rd5 f6 {½-½ (61) Gutierrez Herrera,J-Soler,A Cienfuegos 1975}) 15. Bb2 c6 16. Ne3 Qb6 17. f3 Qxd4 18. Bxd4 g6 19. Kf2 h5 20. Rfd1 Re6 21. g3 a5 22. h3 Bh6 23. g4 hxg4 24. hxg4 Ne5 25. Bxe5 (25. Rh1 {with more complications.} Nd3+ 26. Kg2 Bg7 27. Bxg7 Kxg7 28. Rad1) 25... dxe5 26. Rd7 Rb8 27. Rad1 Bg5 28. Ke2 Kf8 29. c5 Be7 30. Rh1 {[#] Rh8+ is the strong threat.} Ke8 31. Rdd1 Bxc5 32. Rh8+ Bf8 33. g5 Ke7 34. Ng4 {White is much more active. The black rooks are badly placed.} (34. a4 $14) 34... Rd6 $11 {The position is equal.} 35. Nxe5 {[#] Black must now prevent Rxd6.} Rxd1 36. Kxd1 {Hoping for Rh7.} Ke6 37. Nc4 Rd8+ 38. Ke2 Be7 39. Rxd8 {Weighted Error Value: White=0.10 (very precise) /Black=0.06 (flawless)} 1/2-1/2

[Event "Svetozar Gligoric Masters 2022"]
[Site "Belgrade"]
[Date "2022.07.20"]
[Round "5.10"]
[White "Nitish Belurkar"]
[Black "Kalogridis, Antonios"]
[Result "1-0"]
[ECO "B12"]
[WhiteElo "2460"]
[BlackElo "2272"]
[Annotator "TA"]
[PlyCount "133"]
[EventDate "2022.07.18"]
[EventCountry "SRB"]
[SourceTitle "playchess.com"]
[Source "ChessBase"]
[SourceQuality "1"]
[TimeControl "40/5400+30:900+30"]

1. e4 c6 2. d4 d5 3. e5 c5 4. Nf3 cxd4 5. Nxd4 Nc6 6. c4 {B12: Caro-Kann: Advance Variation.} e6 7. Nc3 {next cxd5 is good for White.} Bb4 8. Nxc6 {White has an edge.} bxc6 9. Qa4 a5 10. cxd5 {[#]} (10. Qxc6+ Bd7 11. Qb7 d4 $15) 10... Bxc3+ $146 (10... Qxd5 $11 {keeps the balance.} 11. Qxb4 (11. Be3 Ne7 $11) 11... axb4 12. Nxd5 exd5) ({Predecessor:} 10... Qxd5 11. Qxb4 axb4 12. Nxd5 exd5 13. Be3 f6 14. Rc1 Rxa2 15. Rxc6 Bd7 16. Rd6 Rxb2 {1-0 (28) Jones,G (2702)-Cheparinov,I (2667) Hengshui 2019}) 11. bxc3 $16 Qxd5 12. Be3 Ne7 13. f4 $36 {[%mdl 2048] Rd1 is the strong threat. Keeping Black busy.} Qd7 14. Rd1 Nd5 15. c4 Nc3 16. Rxd7 Nxa4 17. Rd6 {White is much more active. The black rooks are badly placed.} c5 ({Better is} 17... O-O $14) 18. Bd3 $1 $18 {Threatens to win with Be4.} Ra6 19. Bc2 {A strong pair of Bishops.} (19. Kd2 $18 {is more deadly.}) 19... Rxd6 $16 20. exd6 Bd7 21. O-O {And now Rb1 would win.} Bc6 22. f5 e5 $1 23. f6 g6 24. Rb1 Kd7 25. Bxa4 Bxa4 26. Bxc5 $14 {[%mdl 4096] Endgame KRB-KRB} Rc8 (26... Bc6 $14) 27. Rb7+ $16 Ke6 (27... Kc6 $2 28. Rxf7 $1 Kxc5 29. Rc7+ Kxd6 30. Rxc8 $18) 28. Re7+ $1 Kxf6 29. Bb6 Rxc4 30. d7 Rc1+ 31. Kf2 Rc2+ 32. Kg3 Bxd7 33. Rxd7 Rxa2 {KRB-KR} 34. Bd8+ Ke6 35. Re7+ Kf6 36. Ra7+ Ke6 37. Ra6+ Kd7 38. Rxa5 Rxa5 39. Bxa5 {KB-KP} Ke6 40. Kg4 {Hoping for Kg5.} f6 41. Bd8 h5+ $2 (41... Kf7 $16 42. Kf3 Ke6) 42. Kf3 Kf5 43. Ke3 $2 (43. Ba5 $18 {is the precise move to win.} Ke6 44. Ke4) 43... g5 $2 (43... Ke6 $16 44. Kd3 Kf5) 44. Kd3 g4 45. Ke3 Ke6 46. Kf2 $1 f5 47. Kg3 $1 f4+ 48. Kh4 $1 Kf5 49. Kxh5 f3 50. gxf3 gxf3 {KB-KPP} 51. Bb6 Kf4 52. Kh4 e4 53. Kh3 e3 54. Bc5 $1 Ke4 55. Kg3 f2 56. Kg2 Kf4 57. Ba7 $2 (57. Kf1 Kf3 58. Bxe3 Kxe3 $11) (57. Bf8 $1 {mates} Kg5 58. Bg7 Kf5 59. Bh6 (59. Kf1 Ke4 $11) 59... Ke4 60. h4 (60. Kf1 Kf3 $11) 60... Kd4 61. h5 Ke4 62. Bg5) 57... Ke4 $11 58. Bb6 Kf4 $1 59. Bc7+ Ke4 60. Bb6 {Threatening mate with Bc5.} (60. Kf1 $2 {leads to mate.} Kf3 61. h4 e2#) 60... Kf4 $1 61. Bd4 {Intending Bb6 and mate.} Ke4 62. Bc5 $2 (62. Bg7 $11 Kd3 63. Kf1 e2+ 64. Kxf2) 62... Kf4 $1 63. Bf8 $1 {White mates.} (63. Kf1 Kf3 64. Bxe3 Kxe3 $11) 63... Kg5 {[#]} 64. Bg7 $1 Kf5 {[#]} 65. Bh6 $1 (65. Kf1 Ke4 66. Bh6 (66. Ke2 Kf5 $11) 66... Kf3 67. Bxe3 Kxe3 $11) 65... Ke4 66. h4 ({Worse is} 66. Kf1 Kf3 67. Bxe3 Kxe3 $11) 66... Kd3 67. Kf1 {Weighted Error Value: White=0.20 (precise) /Black=0.36} 1-0

[Event "Svetozar Gligoric Masters 2022"]
[Site "Belgrade"]
[Date "2022.07.20"]
[Round "5.11"]
[White "Stoyanov, Tsvetan"]
[Black "Granovskiy, Alexandr"]
[Result "1-0"]
[ECO "B45"]
[WhiteElo "2450"]
[BlackElo "2177"]
[Annotator "TA"]
[PlyCount "77"]
[EventDate "2022.07.18"]
[EventCountry "SRB"]
[SourceTitle "playchess.com"]
[Source "ChessBase"]
[SourceQuality "1"]
[TimeControl "40/5400+30:900+30"]

1. e4 c5 2. Nf3 e6 3. d4 cxd4 4. Nxd4 Nf6 5. Nc3 Nc6 6. Ndb5 Bc5 7. Bf4 {[#] Strongly threatening Nc7+. 7.Bf4 scores better than 7.Nd6+.} O-O {B45: Sicilian Four Knights.} 8. Bc7 Qe7 9. Bd6 $1 Bxd6 {White is slightly better.} 10. Qxd6 Qd8 11. Nc7 Rb8 12. Be2 b5 $1 {White must now prevent ...b4.} 13. e5 ({Inferior is} 13. Bxb5 Rb7 14. e5 (14. Bxc6 $2 dxc6 15. Qxd8 Rxd8 $17) 14... Nh5 15. Bxc6 dxc6 16. Qxd8 Rxd8 $17) 13... Ne8 14. Nxe8 Rxe8 15. O-O ({Much weaker is} 15. Bxb5 Qa5 16. Bxc6 Rxb2 $15) 15... b4 16. Ne4 Bb7 17. Nc5 (17. Qc5 $14) 17... Ne7 $11 {[#]} 18. Bd3 $146 ({Predecessor:} 18. Nxb7 Rxb7 19. Rfd1 Nf5 20. Qd2 Qc7 21. Bf3 Rbb8 22. Re1 Rb5 23. Rac1 Rxe5 24. Qxb4 {0-1 (34) Mammadzada,G (2459)-Yoo,C (2466) chess24.com INT 2021}) 18... Bc6 19. Qd4 Nd5 20. Ne4 f5 21. exf6 Nxf6 22. Nd6 Rf8 23. f4 Qb6 24. Qxb6 Rxb6 25. Nc4 $36 {[%mdl 2048] White is more active.} Rbb8 26. f5 exf5 27. Rxf5 Nd5 (27... d5 $5 28. Ne5 Bb5 $11) 28. Rxf8+ Rxf8 29. Ne5 Nf4 30. Bf1 Be4 31. Nxd7 Rc8 {Prevents Bc4+.} 32. g3 Ng6 {[#]} 33. Re1 (33. Bh3 $1 $16 {[%cal Od7f6] Hoping for Nf6+!} Rc6 34. Re1) 33... Bf5 $14 34. Ne5 Rxc2 {[%mdl 8192] A mistake that costs the game.} (34... Nxe5 $11 {and Black is okay.} 35. Rxe5 Bxc2) 35. Bc4+ $18 Kf8 36. Rf1 Ke7 (36... Ne7 $142 37. g4 g6 38. gxf5 Nxf5) 37. Rxf5 {White is clearly winning.} Nxe5 38. Rxe5+ Kd6 39. Re6+ {Weighted Error Value: White=0.06 (flawless) /Black=0.33} 1-0

[Event "Svetozar Gligoric Masters 2022"]
[Site "Belgrade"]
[Date "2022.07.20"]
[Round "5.12"]
[White "Baasansuren, Erdene"]
[Black "Atalik, Suat"]
[Result "1/2-1/2"]
[ECO "A30"]
[WhiteElo "2243"]
[BlackElo "2446"]
[Annotator "TA"]
[PlyCount "136"]
[EventDate "2022.07.18"]
[EventCountry "SRB"]
[SourceTitle "playchess.com"]
[Source "ChessBase"]
[SourceQuality "1"]
[TimeControl "40/5400+30:900+30"]

1. Nf3 Nf6 2. c4 g6 3. b3 Bg7 4. Bb2 O-O 5. g3 b6 6. Bg2 Bb7 7. O-O e6 8. d3 d5 9. Nbd2 c5 {[#]} 10. d4 $146 {A30: Symmetrical English: Double Fianchetto and Hedgehog.} ({Predecessor:} 10. cxd5 exd5 11. d4 Nbd7 12. dxc5 bxc5 13. Rc1 Re8 14. Ne1 Qb6 15. Nd3 Rac8 16. Re1 a5 17. e3 a4 {0-1 (89) Petenyi,T (2449)-Inarkiev,E (2693) Antalya 2017}) 10... Na6 11. dxc5 Nxc5 12. b4 Nce4 13. Nxe4 Nxe4 14. Bxg7 Kxg7 15. Qd4+ Qf6 16. Ne5 Rfd8 17. cxd5 exd5 18. Rac1 Rac8 19. f4 Nd6 $1 20. g4 {g5 is the strong threat.} ({Not} 20. Bxd5 $2 Rxc1 21. Rxc1 Nb5 $19) 20... Kg8 $1 21. Rxc8 Rxc8 22. Bxd5 {[#] And now Bb3 would win.} Nb5 23. Qd3 Bxd5 24. Qxd5 Nc3 25. Qd3 Qe6 26. g5 Qxa2 27. Rf2 (27. e3 $11) 27... Qd5 $15 28. Qxd5 Nxd5 {[%mdl 4096] Endgame KRN-KRN} 29. b5 Rc5 30. Nd7 ({Better is} 30. Ng4 $15) 30... Rc7 (30... Rxb5 $17 31. e4 Rb1+ 32. Kg2 Ne3+ 33. Kg3 Nc4 34. Nf6+ Kg7) 31. Nf6+ $1 $11 {The position is equal.} Nxf6 32. gxf6 {KR-KR} Rc4 33. e3 {Threatens to win with Rd2.} h6 34. Rd2 g5 35. f5 {[#] Strongly threatening Rd8+.} Re4 $1 36. Rd8+ Kh7 37. Rd7 Rxe3 38. Rxf7+ Kg8 39. Rxa7 Re5 40. Rb7 Rxb5 41. Kg2 Kf8 42. Kg3 h5 43. h4 Rb3+ 44. Kg2 gxh4 45. Rc7 b5 46. Rh7 b4 47. Rb7 Rg3+ 48. Kh2 b3 49. Kh1 Kg8 50. Kh2 Rc3 ({Much weaker is} 50... Kf8 $6 51. Kh1 $17) 51. Rg7+ Kf8 52. Rb7 h3 ({Of course not} 52... Rg3 $6 53. Rd7 $17) 53. Kg1 Rg3+ 54. Kh2 h4 55. Kh1 Re3 56. Kg1 Re1+ 57. Kh2 Re3 58. Kg1 Rc3 59. Kh2 Rd3 60. Kg1 Rd1+ 61. Kh2 Rb1 62. Kxh3 b2 {White must now prevent ...Rh1+.} 63. Kg2 {Against Rh1} h3+ 64. Kh2 Ke8 65. f7+ Kf8 66. f6 Rf1 67. Rxb2 Rxf6 68. Kxh3 Kxf7 {Weighted Error Value: White=0.06 (flawless) /Black=0.03 (flawless)} 1/2-1/2

[Event "Svetozar Gligoric Masters 2022"]
[Site "Belgrade"]
[Date "2022.07.20"]
[Round "5.13"]
[White "Samant Aditya S"]
[Black "Vaibhav Jayant Raut"]
[Result "1-0"]
[ECO "B41"]
[WhiteElo "2431"]
[BlackElo "2169"]
[Annotator "TA"]
[PlyCount "81"]
[EventDate "2022.07.18"]
[EventCountry "SRB"]
[SourceTitle "playchess.com"]
[Source "ChessBase"]
[SourceQuality "1"]
[TimeControl "40/5400+30:900+30"]

1. e4 c5 2. Nf3 e6 3. d4 cxd4 4. Nxd4 a6 5. c4 Nf6 6. Nc3 Qc7 7. Be2 Bb4 8. Nc2 Be7 {B41: Sicilian: Kan Variation: 5 c4.} 9. Be3 $1 {[%mdl 4] is more profitable than 9.0-0 at the moment.} d6 10. g4 {[#]} h5 $146 {White is better.} ({Predecessor:} 10... Nc6 11. g5 Nd7 12. h4 b6 13. h5 Bb7 14. h6 g6 15. f4 O-O 16. Qd2 Na5 {0-1 (57) Sheng,J (2453)-Akopian,V (2638) Philadelphia 2021}) 11. gxh5 b6 12. Rg1 Rh7 13. Nd4 Bb7 14. h6 gxh6 15. Bh5 d5 (15... Qxc4 $2 16. Rc1 Nbd7 17. Nd5 $1 Qxa2 18. Nxe6 Bxd5 19. exd5 $18 (19. Nc7+ Kd8 $18)) 16. Rg3 dxe4 17. Nxe6 $1 {White is much more active.} Qe5 {[#]} 18. Ng7+ (18. Nf4 $6 Nbd7 $16) ({White should try} 18. Nd5 $1 $16 {[%cal Rd5f6] Threatening mate with Nxf6+.} Bxd5 19. cxd5) 18... Kf8 $1 $11 (18... Rxg7 19. Rxg7 Qxh5 20. Rg8+ $1 Bf8 21. Qxh5 Nxh5 22. Rh8 $15 (22. Bxb6 Nd7 $17)) 19. Bd4 Qf4 20. Ne2 Qd6 {[%mdl 8192] Black cannot hold the game after this.} (20... Qc7 $1 $11 {and Black has nothing to worry.} 21. Bxf6 Bxf6) 21. Nf5 $18 Qe6 22. Nxe7 {Chess con chili.} Qxe7 (22... Nxh5 $2 23. Rg8+ Kxe7 24. Bc5+ $1 Kf6 25. Qd8+ Kf5 26. Nd4+ Ke5 27. Qc7+ Kf6 28. Nxe6 $18) 23. Nf4 Nbd7 24. Qe2 Ne5 25. O-O-O Rc8 26. Kb1 (26. Bxb6 Nxc4 27. Rd8+ Rxd8 $11) 26... Rg7 27. Rxg7 Kxg7 28. Rg1+ Kh7 29. Qe3 {Hoping for Bxe5.} Rf8 $2 (29... Rg8 30. Rxg8 Nxg8) 30. Bxe5 (30. Qg3 $2 Rg8 31. Bg6+ fxg6 $19) 30... Qxe5 {[#]} 31. Bg6+ fxg6 32. Nxg6 Qd6 33. Nxf8+ Qxf8 34. Qxb6 Qf7 35. Qd6 $40 {[%mdl 128] Black is in trouble.} Bc8 36. Ka1 Be6 (36... Ng4 $16 37. c5 Be6) 37. c5 {Threatens to win with Qe5.} (37. Qxa6 Bxc4 38. Qc8 Nd7 $14) 37... Nd5 (37... Ne8 {was worth a try.} 38. Qc6 (38. Qxa6 Qxf2 39. Rf1 Qg2 $16) 38... Bd5 39. Qxa6 Ng7) 38. Qe5 ({Not} 38. Qxa6 Nb4 39. Qa8 Nc2+ 40. Kb1 Nb4 $11) 38... Bf5 39. a3 {[%cal Og1g7] Inhibits Nb4. And now Rg7+! would win.} ({And not} 39. Rg7+ Qxg7 40. Qxf5+ Qg6 41. Qd7+ Kh8 $15) 39... Bg6 40. Rd1 Nf4 (40... e3) 41. Rd8 {Weighted Error Value: White=0.33/Black=0.47} 1-0